 Dungeon Crawl Stone Soup version 0.28.0-53-g5a82cb258f (webtiles) character file.

Game seed: 11921993583598240850

2 LynnLen the Stinger (level 1, 0/7 HPs)
             Began as a Felid Venom Mage on Aug 2, 2022.
             Slain by a kobold
             ... wielding a +0 dagger
              (3 damage)
             ... on level 1 of the Dungeon.
             The game lasted 00:00:33 (162 turns).

LynnLen the Stinger (Felid Venom Mage)               Turns: 162, Time: 00:00:34

Health: 0/7        AC:  1    Str:  4    XL:     1   Next: 25%
Magic:  4/4        EV: 17    Int: 16    God:
Gold:   0          SH:  0    Dex: 16    Spells: 3/4 levels left
                                        Lives:  0   Deaths: 0

rFire   . . .      SeeInvis +   (weapon unavailable)
rCold   . . .      Faith    .   (shield unavailable)
rNeg    . . .      Spirit   .   (armour unavailable)
rPois   .          Reflect  .   (helmet unavailable)
rElec   .          Harm     .   (cloak unavailable)
rCorr   .          Rampage  .   (gloves unavailable)
Will    .....                   (boots unavailable)
Stlth   ++........              (no amulet)
HPRegen 0.02/turn               (no ring)
MPRegen 0.09/turn               (no ring)

@: quick
A: very small, claws 1, fangs 3, see invisible, speed 1, shaggy fur 1, stealthy
paws, no weapons or thrown items, no armour, multi-lived
a: no special abilities


You were on level 1 of the Dungeon.
You visited 1 branch of the dungeon, and saw 1 of its levels.

Inventory:

Scrolls
 a - a scroll of identify {unknown}


   Skills:
 - Level 2.6 Dodging
 - Level 2.6 Stealth
 + Level 2.0 Spellcasting
 * Level 1.1 Transmutations
 + Level 2.7 Poison Magic


You had 3 spell levels left.
You knew the following spells:

 Your Spells              Type           Power      Damage    Failure   Level
a - Sting                 Tmut/Pois      28%        1d4       10%         1

Your spell library contained the following spells:

 Spells                   Type           Power      Damage    Failure   Level
 Poisonous Vapours        Pois/Air       12%        N/A       19%         2
 Mephitic Cloud           Conj/Pois/Air  4%         N/A       38%         3
 Olgreb's Toxic Radiance  Pois           10%        N/A       54%         4


Dungeon Overview and Level Annotations

Branches:
Dungeon (1/15)

Altars:


Innate Abilities, Weirdness & Mutations

You have sharp claws.
You have razor-sharp teeth.
You have supernaturally acute eyesight. (SInv)
You cover ground quickly. (Speed+)
You are covered in fur. (AC +1)
Your paws help you pounce on unaware monsters.
You are incapable of wielding weapons or throwing items.
You cannot wear armour.
You gain extra lives every three experience levels.


Message History

Found a scroll labelled IXTISOLA XATZ.
Found two stairs.
You aren't carrying any pieces of jewellery.
Okay, then.
a - a scroll labelled IXTISOLA XATZ A hobgoblin comes into view.
A hobgoblin is nearby!
A rat comes into view.
Aiming: Sting (safe; 10% risk of failure)
Press: ? - help, Q - select action Shift-Dir - straight line, f - hobgoblin
Aim: a hobgoblin (68% to hit)
The sting hits the hobgoblin.
The hobgoblin is poisoned.
The hobgoblin is moderately wounded.
Aiming: Sting (safe; 10% risk of failure)
Press: ? - help, Q - select action Shift-Dir - straight line, p - hobgoblin The sting misses the hobgoblin.
The hobgoblin looks more healthy.
Aiming: Sting (safe; 10% risk of failure)
Press: ? - help, Q - select action Shift-Dir - straight line, f - hobgoblin
Aim: a hobgoblin (almost dead, 68% to hit)
The sting hits the hobgoblin.
The hobgoblin is poisoned.
You kill the hobgoblin!
You start resting.
Magic restored.
Aiming: Sting (safe; 10% risk of failure)
Press: ? - help, Q - select action Shift-Dir - straight line, f - rat
Aim: a rat (asleep, 100% to hit)
The sting hits the rat.
The rat is poisoned.
You kill the rat!
You start resting.
Magic restored.
You see here a rat corpse.
A kobold comes into view. It is wielding a +0 dagger.
You scratch the kobold but do no damage.
The kobold hits you with a +0 dagger.
You scratch the kobold but do no damage.
The kobold hits you with a +0 dagger.
You scratch the kobold.
The kobold is severely wounded.
The kobold hits you with a +0 dagger.
You die...

..... .##.. ...#
..... ...# .####
..# ... ..# ####
#.# #.#
#.#############.
#.......@K......
#.##############
#..............#
#..#########.#.#
#..# #....#.#
#########..#
#.##.#.#
...........#
#.####.#
####.#####.#
#......#
#.......#
########


You could see a kobold.

Vanquished Creatures
  A hobgoblin (D:1)
  A rat (D:1)
2 creatures vanquished.

Notes
Turn   | Place    | Note
-------+----------+-------------------------------------------
     0 | D:1      | LynnLen the Felid Venom Mage began the quest for the Orb.
     0 | D:1      | Reached XP level 1. HP: 7/7 MP: 4/4
   162 | D:1      | Slain by a kobold

Illustrated notes

Levels and vault maps discovered:
D:1:      dpeg_arrival_line_fractal, layout_basic, minivault_23,
          serial_bayou_pond_e

Action                   || total
-------------------------++-------
Melee: Unarmed           ||     3
 Cast: Sting             ||     4
